Moly, chaotic male elven Priest - -.--.. |......- #.......- |...|.... ---%--|....# |...| |....# |.--- |.|.-- -------..--|.| |.|-- ..........||.| |.| .. ..-........--.| |.|---.# |.. ....<..........|---|.#|...| --... ...........--..|-..|.-#.---|...... .........------|........-- |..>... ........-- --.....--.----....| .......-- ----...%..---)---- ........| --..))...%).| .......##f))####@h#..........-- -----#- -#.----)|.-- --- ----- Moly the Adept Experience level: 6 Strength: 11 Dexterity: 15 Constitution: 14 Intelligence: 8 Wisdom: 20 Charisma: 8 Health: 0(44) Energy: 109(112) Def: 10 Gold: 77 Moves: 2438 Dungeon seed: 8HLCOm2UUTy1ojjD Game ID: Moly_1614705695 Your Inventory: Coins $ - 77 gold pieces Amulets j - an amulet of ESP (being worn) Weapons a - a blessed +1 mace (weapon in hand) o - 9 +0 arrows E - a +0 crossbow (alternate weapon; not wielded) F - 7 +0 crossbow bolts (in quiver) L - 12 +1 crossbow bolts Armor e - a +0 robe (being worn) n - a +0 small shield (being worn) q - a blessed +2 orcish helm (being worn) N - a +0 pair of iron shoes (being worn) T - a blessed +0 leather armor Comestibles c - 4 cloves of garlic d - 2 sprigs of wolfsbane Scrolls u - 3 blessed scrolls of identify v - 2 scrolls of scare monster G - a scroll of identify M - a scroll of amnesia R - a scroll of light Spellbooks f - a spellbook of protection g - a spellbook of create monster Potions m - a potion of holy water s - a cursed potion of healing J - a potion of water P - a potion of restore ability S - a potion of gain energy Tools h - a wooden harp l - an oil lamp (lit) (0:997) D - 29 tallow candles (0:200) H - a tin whistle K - a skeleton key U - a +0 pick-axe V - a lock pick Gems r - a worthless piece of red glass y - a worthless piece of green glass z - a worthless piece of black glass O - a worthless piece of yellow glass Q - a worthless piece of white glass Y - a worthless piece of violet glass Spells and supernatural/magical abilities: Name Level Category Fail Memory p - protection 1 clerical 0% 88% O - create monster 2 clerical 0% 88% W - pray for help -- divine ? -- X - turn undead -- divine ? -- Your skills at the end: Fighting Skills Weapon Skills mace [Basic] Spellcasting Skills clerical spells [Basic] Final Attributes: You were piously aligned. You were sleep resistant. You were telepathic. You had infravision. You were protected. You are dead. Vanquished creatures: a gnome king 4 gnome lords 6 dwarves a homunculus a giant bat a hobbit a large kobold a brown mold 24 gnomes 2 gnome zombies a gecko 4 jackals a fox a kobold 3 goblins a sewer rat 5 bats 4 lichens 2 kobold zombies 5 newts 69 creatures vanquished. Voluntary challenges: You used a wielded weapon 84 times, starting on turn 4. You read items or engraved 4 times, starting on turn 1180. You never genocided any monsters. You never polymorphed an object. You never changed form. You used no wishes. You never split a pudding. You never wrote Elbereth's name. You never violated your personal moral code. Dungeon overview: The Dungeons of Doom: levels 1 to 4 Level 1 a long staircase Level 2 a fountain Level 3 a general store, an altar to Odin, some fountains Level 4 a scroll shop stairs to The Gnomish Mines The Gnomish Mines: levels 5 to 7 Level 5 stairs to The Dungeons of Doom Level 6 <- You were here Level 7 History has recorded: On T:1 you entered the Dungeons of Doom to retrieve the Amulet of Yendor! On T:273 you advanced to experience level 2. On T:449 you reached level 2 of The Dungeons of Doom. On T:486 you reached level 3 of The Dungeons of Doom. On T:644 you advanced to experience level 3. On T:1287 you reached level 4 of The Dungeons of Doom. On T:1467 you advanced to experience level 4. On T:1700 you reached level 1 of The Gnomish Mines. On T:1794 you reached level 3 of The Gnomish Mines. On T:1814 you advanced to experience level 5. On T:2060 you reached level 2 of The Gnomish Mines. On T:2098 you advanced to experience level 6. Score breakdown: Gold: 77 ( 6436 points) Experience: 6 levels (12456 points) Exploration: 7 levels ( 13.73%) (10392 points) Discoveries: 15 items ( 5.24%) ( 6870 points) Valuables value: (no points given unless you survive) Artifact value: 0 ( 0 points) Variety of kills: 20 monsters ( 5.25%) ( 6873 points) Turncount: 2438 turns ( -293 points) Survival: died (score multiplied by 80%) Total score: 34187 Latest messages: You feel that Loki is well-pleased. You feel much better. You hit the dwarf king. The dwarf king swings his broad pick. The dwarf king misses. The dwarf king swings his broad pick. The dwarf king misses. You hit the dwarf king! The dwarf king swings his broad pick. The dwarf king hits! The dwarf king swings his broad pick. The dwarf king misses. The golden haze around you becomes less dense. You miss the dwarf king. You hit the dwarf king! The dwarf king swings his broad pick. The dwarf king hits! The dwarf king swings his broad pick. The dwarf king misses. You miss the dwarf king. The dwarf king swings his broad pick. The dwarf king hits! The dwarf king swings his broad pick. The dwarf king hits! You die... Final status: Goodbye Moly the Priest, killed by a dwarf king... You died in The Gnomish Mines on dungeon level 6 with 34187 points, and 77 pieces of gold, after 2438 moves. You were level 6 with a maximum of 44 hit points when you died.